[ AOE2 MATCH · #505223250 ]
UnrankedBengalis vs Vietnamese
Player's team · LOSS
Rival team · WIN
[ REPLAY ANALYSIS · EXTRACTED FROM THE RECORDED GAME ]
Feudal
10:31
Castle
26:53
Imperial
—
| APM avg | 74.9 |
| APM peak | 128 |
| eAPM avg | 24.4 |
| Villagers / military | 48 / 125 |
Focus
⚔️ 39.1% · 🌾 60.9%
Skirmisher ×81 · Archer ×21 · Battle Elephant ×9 · Scout Cavalry ×8 · Militia ×3 · Mangonel ×3
Feudal
8:38
Castle
26:30
Imperial
—
| APM avg | 57.9 |
| APM peak | 103 |
| eAPM avg | 25.6 |
| Villagers / military | 121 / 119 |
Focus
⚔️ 39.5% · 🌾 60.5%
Archer ×53 · Skirmisher ×30 · Spearman ×13 · Knight ×12 · Militia ×10 · Monk ×1
Match map
Initial resources + every placement click. Lines = walls · curves = elevation contours. ◆ gold · ⬟ stone · ● berries · ✦ relic · ◌ wall gap
Your base· Open — 2t gap
Lucsor's base· ✓ Closed at 26:30 · 2t walls · 2 gate(s)
Smoothed initial terrain · ◌ = detected wall gap · hover for details
Inputs per minute
— uel - - Lucsor
Build order — uel
First 150 of 242 actions detected
| 0:01 | Create | Villager (Male) |
| 0:01 | Create | Villager (Male) |
| 0:01 | Create | Villager (Male) |
| 0:02 | Build | House |
| 0:04 | Build | House |
| 0:16 | Create | Villager (Male) |
| 1:28 | Create | Villager (Male) |
| 1:55 | Create | Villager (Male) |
| 1:58 | Build | Lumber Camp |
| 2:10 | Create | Villager (Male) |
| 2:28 | Create | Villager (Male) |
| 2:46 | Create | Villager (Male) |
| 3:24 | Create | Villager (Male) |
| 3:35 | Create | Villager (Male) |
| 3:49 | Build | House |
| 3:50 | Build | House |
| 4:11 | Create | Villager (Male) |
| 4:33 | Create | Villager (Male) |
| 4:49 | Build | Barracks |
| 4:53 | Create | Villager (Male) |
| 4:59 | Create | Villager (Male) |
| 5:27 | Build | House |
| 5:42 | Create | Villager (Male) |
| 5:47 | Create | Militia |
| 5:48 | Create | Militia |
| 5:50 | Create | Villager (Male) |
| 6:01 | Create | Villager (Male) |
| 6:29 | Build | Mill |
| 6:34 | Create | Militia |
| 6:37 | Create | Villager (Male) |
| 6:50 | Create | Villager (Male) |
| 7:19 | Research | Loom |
| 7:59 | Build | Mining Camp |
| 8:21 | Research | Feudal Age |
| 9:04 | Build | House |
| 9:05 | Build | House |
| 9:23 | Create | Villager (Male) |
| 9:47 | Build | House |
| 10:31 | Age | Feudal Age |
| 10:34 | Build | Archery Range |
| 10:35 | Research | Double-Bit Axe |
| 10:42 | Create | Villager (Male) |
| 11:07 | Create | Villager (Male) |
| 11:13 | Create | Skirmisher |
| 11:13 | Create | Skirmisher |
| 11:19 | Build | House |
| 11:25 | Create | Villager (Male) |
| 11:45 | Create | Villager (Male) |
| 11:46 | Build | Blacksmith |
| 11:51 | Create | Archer |
| 12:05 | Create | Archer |
| 12:11 | Research | Fletching |
| 12:11 | Research | Fletching |
| 12:43 | Create | Villager (Male) |
| 12:45 | Build | Archery Range |
| 12:50 | Create | Archer |
| 13:06 | Create | Villager (Male) |
| 13:25 | Create | Archer |
| 13:41 | Build | House |
| 13:46 | Create | Archer |
| 13:49 | Create | Archer |
| 13:54 | Research | Padded Archer Armor |
| 13:59 | Build | House |
| 14:09 | Create | Archer |
| 14:18 | Create | Skirmisher |
| 14:44 | Create | Archer |
| 14:51 | Create | Skirmisher |
| 14:53 | Create | Villager (Male) |
| 14:55 | Build | House |
| 15:04 | Create | Skirmisher |
| 15:20 | Create | Skirmisher |
| 15:29 | Build | Farm |
| 15:32 | Create | Archer |
| 15:41 | Create | Skirmisher |
| 15:59 | Create | Villager (Male) |
| 15:59 | Create | Skirmisher |
| 16:00 | Create | Skirmisher |
| 16:04 | Build | House |
| 16:06 | Build | Farm |
| 16:06 | Build | Farm |
| 16:06 | Build | Farm |
| 16:06 | Build | Farm |
| 16:07 | Build | Farm |
| 16:17 | Create | Skirmisher |
| 16:36 | Create | Skirmisher |
| 16:40 | Create | Villager (Male) |
| 16:43 | Build | House |
| 16:43 | Build | House |
| 17:03 | Create | Skirmisher |
| 17:04 | Create | Skirmisher |
| 17:09 | Create | Villager (Male) |
| 17:14 | Create | Archer |
| 17:18 | Create | Skirmisher |
| 17:39 | Create | Archer |
| 17:49 | Create | Archer |
| 17:51 | Create | Villager (Male) |
| 17:54 | Build | Farm |
| 18:04 | Create | Archer |
| 18:11 | Create | Archer |
| 18:24 | Build | Farm |
| 18:24 | Build | Farm |
| 18:24 | Build | Farm |
| 18:24 | Build | Farm |
| 18:25 | Build | Farm |
| 18:45 | Create | Archer |
| 18:59 | Create | Archer |
| 19:04 | Create | Villager (Male) |
| 19:06 | Build | Farm |
| 19:07 | Research | Horse Collar |
| 19:26 | Create | Villager (Male) |
| 19:41 | Create | Villager (Male) |
| 19:42 | Build | Stable |
| 19:47 | Create | Archer |
| 19:52 | Build | Farm |
| 19:57 | Build | Farm |
| 20:04 | Create | Archer |
| 20:18 | Create | Scout Cavalry |
| 20:19 | Create | Scout Cavalry |
| 20:25 | Create | Villager (Male) |
| 20:26 | Build | House |
| 20:41 | Create | Archer |
| 20:46 | Create | Villager (Male) |
| 20:55 | Create | Scout Cavalry |
| 21:25 | Create | Archer |
| 21:38 | Create | Scout Cavalry |
| 21:49 | Create | Scout Cavalry |
| 21:50 | Create | Archer |
| 22:11 | Create | Scout Cavalry |
| 22:13 | Research | Scale Barding Armor |
| 22:14 | Create | Villager (Male) |
| 22:17 | Build | Market |
| 22:18 | Create | Villager (Male) |
| 22:20 | Create | Skirmisher |
| 22:32 | Create | Skirmisher |
| 22:43 | Create | Skirmisher |
| 23:07 | Create | Skirmisher |
| 23:17 | Create | Skirmisher |
| 23:17 | Create | Skirmisher |
| 23:40 | Create | Skirmisher |
| 23:50 | Build | Farm |
| 24:13 | Research | Castle Age |
| 24:14 | Research | Castle Age |
| 24:14 | Create | Skirmisher |
| 24:24 | Create | Skirmisher |
| 24:24 | Create | Skirmisher |
| 24:30 | Create | Skirmisher |
| 24:37 | Create | Skirmisher |
| 24:51 | Create | Scout Cavalry |
| 24:52 | Create | Skirmisher |
| 24:56 | Create | Skirmisher |
Build order — Lucsor
First 150 of 332 actions detected
| 0:00 | Create | Villager (Male) ×4 |
| 0:01 | Create | Villager (Male) ×4 |
| 0:02 | Build | House |
| 0:03 | Build | House |
| 1:51 | Create | Villager (Male) |
| 1:51 | Create | Villager (Male) |
| 2:08 | Build | Lumber Camp |
| 2:24 | Create | Villager (Male) |
| 2:56 | Create | Villager (Male) |
| 3:10 | Create | Villager (Male) |
| 3:10 | Create | Villager (Male) |
| 3:33 | Create | Villager (Male) |
| 3:50 | Create | Villager (Male) |
| 4:00 | Build | House |
| 4:13 | Create | Villager (Male) |
| 4:13 | Create | Villager (Male) |
| 4:56 | Create | Villager (Male) |
| 4:57 | Create | Villager (Male) |
| 5:14 | Build | Barracks |
| 5:26 | Create | Villager (Male) |
| 5:47 | Research | Loom |
| 6:03 | Build | House |
| 6:28 | Research | Feudal Age |
| 7:11 | Create | Militia |
| 7:11 | Create | Militia |
| 7:14 | Build | Mining Camp |
| 7:47 | Create | Militia |
| 8:38 | Age | Feudal Age |
| 8:39 | Build | House |
| 8:42 | Research | Man-at-Arms (upgrade) |
| 8:43 | Research | Man-at-Arms (upgrade) |
| 8:47 | Create | Villager (Male) |
| 8:47 | Create | Villager (Male) |
| 8:53 | Build | Archery Range |
| 8:55 | Build | House |
| 9:00 | Build | Palisade Gate |
| 9:23 | Create | Villager (Male) |
| 9:25 | Build | House |
| 9:45 | Build | Palisade Gate |
| 9:46 | Build | House |
| 9:53 | Create | Villager (Male) |
| 9:54 | Create | Archer |
| 10:16 | Create | Villager (Male) |
| 10:16 | Create | Villager (Male) |
| 10:24 | Create | Archer |
| 10:31 | Build | Blacksmith |
| 10:36 | Create | Villager (Male) |
| 10:37 | Create | Villager (Male) |
| 10:54 | Create | Skirmisher |
| 11:19 | Build | Mill |
| 11:25 | Create | Villager (Male) |
| 11:37 | Create | Archer |
| 11:40 | Create | Villager (Male) |
| 12:14 | Create | Villager (Male) |
| 12:19 | Create | Archer |
| 12:33 | Create | Archer |
| 12:33 | Create | Archer |
| 12:50 | Create | Villager (Male) |
| 12:50 | Create | Villager (Male) |
| 12:59 | Create | Villager (Male) |
| 13:06 | Research | Horse Collar |
| 13:09 | Build | Farm |
| 13:09 | Build | Farm |
| 13:10 | Build | Farm |
| 13:10 | Build | Farm |
| 13:10 | Build | Farm |
| 13:10 | Build | Farm |
| 13:11 | Create | Villager (Male) |
| 13:15 | Create | Archer |
| 13:20 | Create | Archer |
| 13:43 | Create | Villager (Male) |
| 13:51 | Create | Villager (Male) |
| 13:53 | Build | Farm |
| 14:02 | Build | House |
| 14:03 | Build | House |
| 14:17 | Research | Double-Bit Axe |
| 14:34 | Build | Farm |
| 14:36 | Build | Farm |
| 14:47 | Create | Skirmisher |
| 14:48 | Create | Villager (Male) |
| 14:48 | Create | Villager (Male) |
| 15:09 | Research | Fletching |
| 15:17 | Create | Villager (Male) |
| 15:27 | Create | Villager (Male) |
| 15:29 | Create | Archer |
| 15:31 | Create | Villager (Male) |
| 16:01 | Create | Archer |
| 16:02 | Create | Villager (Male) |
| 16:17 | Create | Villager (Male) |
| 16:35 | Build | Market |
| 16:37 | Build | Archery Range |
| 16:40 | Create | Skirmisher |
| 16:42 | Create | Villager (Male) |
| 16:43 | Create | Villager (Male) |
| 16:54 | Research | Padded Archer Armor |
| 16:54 | Create | Villager (Male) |
| 17:01 | Build | Lumber Camp |
| 17:05 | Build | Lumber Camp |
| 17:24 | Create | Villager (Male) |
| 17:25 | Create | Villager (Male) |
| 17:35 | Create | Militia |
| 17:39 | Create | Archer |
| 17:39 | Create | Archer |
| 18:10 | Create | Skirmisher |
| 18:10 | Create | Skirmisher |
| 18:11 | Create | Villager (Male) |
| 18:20 | Build | Farm |
| 18:20 | Build | Farm |
| 18:20 | Build | Farm |
| 18:20 | Build | Farm |
| 18:21 | Build | Farm |
| 18:26 | Create | Skirmisher |
| 18:31 | Create | Skirmisher |
| 18:48 | Create | Villager (Male) |
| 18:48 | Create | Villager (Male) |
| 18:54 | Create | Skirmisher |
| 18:58 | Build | House |
| 18:59 | Build | House |
| 18:59 | Build | House |
| 19:06 | Create | Militia |
| 19:22 | Create | Skirmisher |
| 19:22 | Create | Skirmisher |
| 19:27 | Build | Farm |
| 19:28 | Build | Farm |
| 19:28 | Create | Villager (Male) |
| 19:31 | Build | Farm |
| 19:39 | Create | Villager (Male) |
| 19:50 | Create | Skirmisher |
| 19:59 | Build | Archery Range |
| 20:03 | Create | Villager (Male) |
| 20:07 | Create | Skirmisher |
| 20:07 | Create | Skirmisher |
| 20:07 | Create | Skirmisher |
| 20:14 | Build | Farm |
| 20:22 | Research | Town Watch |
| 20:30 | Create | Militia |
| 20:32 | Create | Skirmisher |
| 20:32 | Create | Skirmisher |
| 20:40 | Create | Villager (Male) |
| 20:46 | Build | Farm |
| 20:54 | Create | Archer |
| 20:54 | Create | Archer |
| 20:54 | Create | Archer |
| 20:57 | Create | Villager (Male) |
| 21:00 | Build | Farm |
| 21:20 | Create | Militia |
| 21:27 | Create | Villager (Male) |
| 21:27 | Create | Villager (Male) |
| 21:38 | Create | Archer |
| 21:39 | Create | Archer |
Match timeline
| 4:49 | uel · first_building Barracks |
| 5:14 | Lucsor · first_building Barracks |
| 8:38 | Lucsor · age_up feudal |
| 8:53 | Lucsor · first_building Archery Range |
| 10:31 | uel · age_up feudal |
| 10:34 | uel · first_building Archery Range |
| 19:42 | uel · first_building Stable |
| 22:26 | Lucsor · wall_segment Stone Wall x1 |
| 22:58 | uel · first_market_sell 100 wood |
| 23:02 | uel · first_market_buy 100 food |
| 23:08 | Lucsor · wall_segment Stone Wall x1 |
| 23:44 | Lucsor · first_market_sell 100 wood |
| 23:48 | Lucsor · first_market_buy 100 food |
| 25:19 | Lucsor · first_building Stable |
| 26:30 | Lucsor · age_up castle |
| 26:53 | uel · age_up castle |
| 31:00 | uel · first_building Siege Workshop |
| 31:38 | Lucsor · first_building Monastery |
| 34:45 | Lucsor · first_building Castle |
| 36:31 | uel · resign |
[ AI ANALYSIS · 1 CREDIT ]
What really happened in this match?
Wolo.gg analyzes every decision: build order, eco, micro, common mistakes by bracket. Personalized analysis on WhatsApp or Discord in 30 seconds.
Civ guide
Bengalis
Perfil
uel